 Dungeon Crawl Stone Soup version 0.29.0-5-ge4962eb29e (webtiles) character file.

Game seed: 2446142296693483820

35 Sabo the Ducker (level 3, -1/28 HPs)
             Began as a Djinni Gladiator on Aug 28, 2022.
             Was an Initiate of Ashenzari.
             Slain by Sigmund
             ... wielding a +0 scythe
              (2 damage)
             ... on level 2 of the Dungeon.
             The game lasted 00:06:03 (1367 turns).

Sabo the Ducker (Djinni Gladiator)                  Turns: 1367, Time: 00:06:04

Health: -1/28      AC:  8    Str: 15    XL:     3   Next: 52%
Gold:   84         EV: 10    Int:  9    God:    Ashenzari [......] SH:  0 Dex: 14

rFire   + + .      SeeInvis .   a - +0 long sword
rCold   x . .      Faith    .   (no shield)
rNeg    . . .      Spirit   .   l - +0 scale mail
rPois   ∞          Reflect  .   c - +0 helmet
rElec   .          Harm     .   (no cloak)
rCorr   .          Rampage  .   k - +0 pair of gloves
Will    .....                   (boots unavailable)
Stlth   ..........              (no amulet)
HPRegen 0.09/turn               (no ring)
MPRegen 0.00/turn               (no ring)

@: flying
A: sickness immunity, fire resistance 2, cold vulnerability 1, float, innate
caster, HP casting, extra vitality 1
a: Renounce Religion, Curse Item


You were on level 2 of the Dungeon.
You worshipped Ashenzari.
Ashenzari was noncommittal.
You visited 1 branch of the dungeon, and saw 2 of its levels.

You collected 84 gold pieces.

Inventory:

Hand Weapons
 a - a +0 long sword (weapon)
Missiles
 d - 3 throwing nets
 e - a javelin
 f - 2 boomerangs (quivered)
Armour
 b - a +0 leather armour
 c - a +0 helmet (worn)
 k - a +0 pair of gloves (worn)
 l - a +0 scale mail (worn)
Scrolls
 i - 2 scrolls of identify {unknown}
Potions
 g - 3 potions of curing {unknown}
 h - 2 potions of heal wounds {unknown}
 j - a potion of degeneration {unknown}


   Skills:
 + Level 2.2 Fighting
 + Level 3.3 Long Blades
 + Level 1.8 Throwing
 + Level 3.7 Dodging


You had one spell level left.
You knew the following spells:

 Your Spells              Type           Power      Damage    Failure   Level
a - Magic Dart            Conj           0%         1d3       86%         1
Your spell library was empty.

Dungeon Overview and Level Annotations

Branches:
Dungeon (2/15)

Altars:
Ashenzari

Annotations:
D:2 Sigmund


Innate Abilities, Weirdness & Mutations

You are immune to sickness and miasma.
You are immune to poison.
Your flesh is very heat resistant. (rF++)
You are vulnerable to cold. (rC-)
You float through the air rather than walking.
You learn spells naturally, not from books.
Your magical power is your life essence.
You have superior vitality. (+4 MHP)


Message History

You continue putting on your +0 scale mail. x5
You finish putting on your +0 scale mail.
Found a stone staircase leading up.
Sigmund the Dreaded comes into view.
He is wielding a +0 scythe.
Found a runed gold wand.
Sigmund shouts!
A ball python comes into view.
The ball python hisses angrily.
Throw: 2 boomerangs
Press: ? - help, Q - select action, (/) - cycle Shift-Dir - straight line, f - ball python
Aim: a ball python (55% to hit)
You throw a boomerang. The boomerang hits the ball python.
You kill the ball python!
Sigmund mumbles some strange words.
Sigmund flickers and vanishes!
Deactivating autopickup; reactivate with Ctrl-A.
Something hits you!
You barely miss something. You completely miss something. Something hits you.
You closely miss something. Something hits you but does no damage.
You barely miss something. Something hits you.
You miss something. Something hits you.
* * * LOW HITPOINT WARNING * * *
You hit something. You hit something. Something hits you.
* * * LOW HITPOINT WARNING * * *
You closely miss something.
You hear some strange, mumbled words.
A puff of flame appears from out of thin air!
The puff of flame hits you. You resist.
* * * LOW HITPOINT WARNING * * *
You miss something. Something hits you but does no damage.
You closely miss something. Something hits you.
* * * LOW HITPOINT WARNING * * *
You slash something! Something hits you but does no damage.
You hit something but do no damage.
You hear some strange, mumbled words.
Something tries to affect you, but you resist.
You completely miss something. Something hits you.
You die...

#####
#...##############
#.#...............
#...###########...
##.## #.#. #.#
...#. #.# #####.
####.# ## #.{@.# #
#######.#### #
........# #
#####........#
#...###### #...#
..<.# #.....
./....


There were no monsters in sight!

Vanquished Creatures
  A worm (D:2)
  A bat (D:1)
  5 endoplasms (D:1)
  3 giant cockroaches (D:1)
  3 goblins (D:1)
  3 hobgoblins (D:1)
  2 kobolds (D:1)
  A quokka (D:2)
  5 ball pythons
  4 rats (D:1)
28 creatures vanquished.

Vanquished Creatures (others)
  4 plants (D:1)
4 creatures vanquished.

Grand Total: 32 creatures vanquished

Notes
Turn   | Place    | Note
-------+----------+-------------------------------------------
     0 | D:1      | Sabo the Djinni Gladiator began the quest for the Orb.
     0 | D:1      | Reached XP level 1. HP: 18/18 MP: 0/0
   271 | D:1      | Reached XP level 2. HP: 23/23 MP: 0/0
   429 | D:1      | Found a faded altar of an unknown god.
   515 | D:1      | Prayed at the altar of an unknown god.
   515 | D:1      | Became a worshipper of Ashenzari the Shackled
   666 | D:1      | Reached XP level 3. HP: 20/28 MP: 0/0
   666 | D:1      | Learned a level 1 spell: Magic Dart
  1346 | D:2      | Noticed Sigmund
  1362 | D:2      | HP: 1/28 [something/puff of flame (1)]
  1367 | D:2      | Slain by Sigmund

Illustrated notes

Levels and vault maps discovered:
D:1:      psy_arrival_conway, layout_loops_ring,
          dreamdust_ecumenical_altar_hidden_monk_grotto, feat_on_display
D:2:      minmay_door_path, layout_loops_ring, uniq_sigmund, uniq_jessica

Skill      XL: |  1  2 |
---------------+-------+-----
Long Blades    | 3 |  3.3
Fighting       | |  2.2
Throwing       | |  1.8
Dodging        | |  3.7

Action                   || total
-------------------------++-------
Melee: Long sword        ||    81
Throw: Boomerang         ||     8
Armor: Leather armour    ||    12
       Scale mail        ||     3
Dodge: Dodged            ||    44
